[ AOE2 MATCH · #507101320 ]
UnrankedWei vs Byzantines
[ REPLAY ANALYSIS · EXTRACTED FROM THE RECORDED GAME ]
Feudal
9:17
Castle
20:08
Imperial
—
| APM avg | 75.0 |
| APM peak | 101 |
| eAPM avg | 34.2 |
| Villagers / military | 49 / 24 |
Focus
⚔️ 44.9% · 🌾 55.1%
Skirmisher ×13 · Archer ×7 · Unknown (1952) ×7 · Militia ×4
Feudal
11:14
Castle
—
Imperial
—
| APM avg | 67.0 |
| APM peak | 107 |
| eAPM avg | 25.5 |
| Villagers / military | 53 / 29 |
Focus
⚔️ 36.5% · 🌾 63.5%
Archer ×14 · Militia ×13 · Skirmisher ×2
Match map
Initial resources + every placement click. Lines = walls · curves = elevation contours. ◆ gold · ⬟ stone · ● berries · ✦ relic · ◌ wall gap
Your base· Open — unwalled flank
Macluffy's base· Open — unwalled flank
Smoothed initial terrain · ◌ = detected wall gap · hover for details
Inputs per minute
— HR Sobek - - Macluffy
Build order — HR Sobek
First 150 of 151 actions detected
| 0:00 | Queue | Villager (Male) |
| 0:01 | Queue | Villager (Male) |
| 0:01 | Queue | Villager (Male) |
| 0:02 | Build | House |
| 0:02 | Build | House |
| 0:21 | Queue | Villager (Male) |
| 1:28 | Queue | Villager (Male) |
| 1:28 | Queue | Villager (Male) |
| 2:00 | Build | Lumber Camp |
| 2:01 | Queue | Villager (Male) |
| 2:01 | Queue | Villager (Male) |
| 2:16 | Queue | Villager (Male) |
| 2:16 | Queue | Villager (Male) |
| 2:49 | Queue | Villager (Male) |
| 2:49 | Queue | Villager (Male) |
| 3:01 | Queue | Villager (Male) |
| 3:26 | Queue | Villager (Male) |
| 3:49 | Build | House |
| 3:55 | Queue | Villager (Male) |
| 3:55 | Queue | Villager (Male) |
| 4:18 | Build | House |
| 4:19 | Build | Palisade Wall |
| 4:35 | Queue | Villager (Male) |
| 4:41 | Queue | Villager (Male) |
| 4:48 | Build | Palisade Wall |
| 4:53 | Queue | Villager (Male) |
| 5:26 | Queue | Villager (Male) |
| 5:52 | Research | Loom |
| 6:16 | Build | Barracks |
| 6:22 | Queue | Villager (Male) |
| 7:07 | Research | Feudal Age |
| 7:07 | Research | Feudal Age |
| 7:31 | Queue | Militia |
| 7:31 | Queue | Militia |
| 7:38 | Build | Mining Camp |
| 7:56 | Queue | Militia |
| 8:38 | Queue | Militia |
| 8:42 | Build | Mill |
| 8:59 | Queue | Villager (Male) |
| 9:00 | Build | House |
| 9:07 | Build | House |
| 9:17 | Age | Feudal Age |
| 9:44 | Queue | Villager (Male) |
| 9:45 | Build | Farm |
| 9:49 | Research | Double-Bit Axe |
| 9:53 | Queue | Villager (Male) |
| 10:08 | Research | Double-Bit Axe |
| 10:09 | Queue | Villager (Male) |
| 10:36 | Queue | Villager (Male) |
| 10:47 | Build | House |
| 10:51 | Queue | Villager (Male) |
| 10:52 | Queue | Villager (Male) |
| 10:54 | Build | Farm |
| 10:56 | Build | Farm |
| 11:06 | Queue | Villager (Male) |
| 11:19 | Queue | Villager (Male) |
| 11:37 | Build | Archery Range |
| 11:43 | Research | Horse Collar |
| 11:43 | Queue | Villager (Male) |
| 12:15 | Queue | Villager (Male) |
| 12:17 | Build | Farm |
| 12:18 | Build | Farm |
| 12:28 | Build | House |
| 12:29 | Build | House |
| 12:33 | Queue | Skirmisher |
| 12:35 | Queue | Villager (Male) |
| 12:48 | Queue | Villager (Male) |
| 12:51 | Build | Farm |
| 12:52 | Build | Farm |
| 13:07 | Queue | Skirmisher |
| 13:07 | Queue | Skirmisher |
| 13:30 | Queue | Villager (Male) |
| 13:31 | Build | Farm |
| 13:33 | Build | Farm |
| 13:36 | Queue | Skirmisher |
| 13:52 | Queue | Villager (Male) |
| 13:59 | Build | Palisade Wall |
| 14:00 | Build | Palisade Wall |
| 14:01 | Build | Palisade Wall |
| 14:04 | Queue | Archer |
| 14:10 | Queue | Skirmisher |
| 14:15 | Queue | Villager (Male) |
| 14:16 | Build | Farm |
| 14:26 | Build | Farm |
| 14:27 | Build | Farm |
| 14:36 | Queue | Archer |
| 14:52 | Queue | Villager (Male) |
| 14:59 | Queue | Villager (Male) |
| 15:01 | Queue | Archer |
| 15:03 | Build | Farm |
| 15:21 | Build | House |
| 15:43 | Queue | Villager (Male) |
| 15:50 | Queue | Skirmisher |
| 15:51 | Build | Blacksmith |
| 15:52 | Queue | Villager (Male) |
| 16:03 | Queue | Skirmisher |
| 16:10 | Build | House |
| 16:17 | Build | Palisade Wall |
| 16:19 | Build | Palisade Wall |
| 16:25 | Queue | Villager (Male) |
| 16:32 | Build | House |
| 17:17 | Build | Farm |
| 17:21 | Queue | Archer |
| 17:28 | Research | Castle Age |
| 17:29 | Research | Castle Age |
| 17:43 | Build | Palisade Wall |
| 17:56 | Queue | Archer |
| 18:03 | Queue | Skirmisher |
| 18:03 | Queue | Skirmisher |
| 18:19 | Research | Gold Mining |
| 18:19 | Research | Gold Mining |
| 18:29 | Research | Fletching |
| 18:29 | Research | Fletching |
| 18:31 | Queue | Skirmisher |
| 18:38 | Build | Palisade Wall |
| 19:08 | Queue | Skirmisher |
| 19:27 | Build | Archery Range |
| 19:45 | Build | Mining Camp |
| 20:08 | Age | Castle Age |
| 20:11 | Research | Elite Skirmisher (upgrade) |
| 20:12 | Research | Bodkin Arrow |
| 20:12 | Research | Bodkin Arrow |
| 20:16 | Build | Palisade Wall |
| 20:18 | Build | Palisade Wall |
| 20:20 | Build | Palisade Wall |
| 20:22 | Build | House |
| 20:28 | Queue | Villager (Male) |
| 20:28 | Queue | Villager (Male) |
| 20:33 | Queue | Villager (Male) |
| 20:54 | Queue | Villager (Male) |
| 20:58 | Queue | Skirmisher |
| 20:58 | Queue | Skirmisher |
| 20:59 | Queue | Unit 1952 |
| 21:01 | Queue | Villager (Male) |
| 21:15 | Queue | Unit 1952 |
| 21:16 | Queue | Archer |
| 21:16 | Queue | Archer |
| 21:18 | Queue | Villager (Male) |
| 21:22 | Build | Town Center |
| 21:24 | Build | Palisade Wall |
| 21:34 | Queue | Villager (Male) |
| 21:43 | Queue | Unit 1952 |
| 21:59 | Research | Bow Saw |
| 22:01 | Research | Wheelbarrow |
| 22:01 | Research | Town Watch |
| 22:19 | Queue | Unit 1952 |
| 22:22 | Research | Heavy Plow |
| 22:22 | Research | Heavy Plow |
| 22:41 | Queue | Unit 1952 |
| 23:12 | Queue | Unit 1952 |
Build order — Macluffy
149 actions detected in the replay
| 0:01 | Queue | Villager (Male) |
| 0:02 | Build | House |
| 0:03 | Build | House |
| 0:07 | Queue | Villager (Male) |
| 0:08 | Queue | Villager (Male) |
| 0:11 | Queue | Villager (Male) |
| 1:28 | Queue | Villager (Male) |
| 2:02 | Build | Lumber Camp |
| 2:03 | Queue | Villager (Male) |
| 2:03 | Queue | Villager (Male) |
| 2:15 | Queue | Villager (Male) |
| 2:46 | Queue | Villager (Male) |
| 3:13 | Queue | Villager (Male) |
| 3:32 | Queue | Villager (Male) |
| 3:51 | Queue | Villager (Male) |
| 3:56 | Build | House |
| 4:22 | Queue | Villager (Male) |
| 4:34 | Build | Barracks |
| 4:50 | Queue | Villager (Male) |
| 5:05 | Build | House |
| 5:06 | Queue | Villager (Male) |
| 5:06 | Queue | Villager (Male) |
| 5:30 | Queue | Militia |
| 5:30 | Queue | Militia |
| 5:51 | Queue | Villager (Male) |
| 5:58 | Build | House |
| 6:07 | Queue | Villager (Male) |
| 6:17 | Queue | Militia |
| 6:30 | Build | Mill |
| 6:33 | Build | Palisade Wall |
| 6:39 | Queue | Villager (Male) |
| 6:50 | Queue | Villager (Male) |
| 7:14 | Research | Loom |
| 7:20 | Build | Palisade Wall |
| 7:22 | Build | Palisade Wall |
| 7:44 | Queue | Villager (Male) |
| 9:04 | Research | Feudal Age |
| 9:06 | Build | Mill |
| 9:47 | Build | Mining Camp |
| 10:53 | Build | Palisade Wall |
| 11:01 | Queue | Militia |
| 11:07 | Queue | Villager (Male) |
| 11:14 | Age | Feudal Age |
| 11:19 | Build | Palisade Wall |
| 11:22 | Queue | Villager (Male) |
| 11:24 | Build | Archery Range |
| 11:25 | Queue | Militia |
| 11:30 | Queue | Militia |
| 11:37 | Queue | Villager (Male) |
| 11:43 | Queue | Villager (Male) |
| 11:46 | Research | Double-Bit Axe |
| 11:47 | Research | Double-Bit Axe |
| 11:53 | Build | Palisade Gate |
| 11:56 | Build | House |
| 11:57 | Build | Palisade Wall |
| 12:03 | Queue | Villager (Male) |
| 12:13 | Research | Man-at-Arms (upgrade) |
| 12:13 | Research | Man-at-Arms (upgrade) |
| 12:23 | Queue | Archer |
| 12:35 | Build | Farm |
| 12:35 | Build | Farm |
| 12:48 | Build | House |
| 12:52 | Queue | Archer |
| 12:53 | Queue | Villager (Male) |
| 12:53 | Queue | Villager (Male) |
| 12:56 | Build | Farm |
| 13:13 | Build | Farm |
| 13:26 | Queue | Archer |
| 13:26 | Queue | Villager (Male) |
| 13:40 | Build | Farm |
| 13:44 | Build | Farm |
| 13:51 | Queue | Archer |
| 13:52 | Queue | Villager (Male) |
| 14:18 | Build | Farm |
| 14:26 | Research | Arson |
| 14:26 | Research | Arson |
| 14:37 | Build | Farm |
| 14:37 | Queue | Villager (Male) |
| 14:39 | Build | Farm |
| 14:47 | Queue | Archer |
| 14:50 | Build | Farm |
| 14:51 | Build | Farm |
| 14:55 | Build | House |
| 15:02 | Queue | Villager (Male) |
| 15:04 | Build | Farm |
| 15:13 | Queue | Villager (Male) |
| 15:18 | Queue | Archer |
| 15:19 | Queue | Villager (Male) |
| 15:51 | Queue | Archer |
| 15:52 | Queue | Villager (Male) |
| 15:54 | Build | Blacksmith |
| 16:22 | Queue | Militia |
| 16:22 | Queue | Villager (Male) |
| 16:31 | Build | House |
| 16:40 | Queue | Archer |
| 16:41 | Queue | Villager (Male) |
| 16:45 | Build | House |
| 16:47 | Research | Fletching |
| 16:47 | Research | Fletching |
| 16:56 | Build | Farm |
| 17:00 | Queue | Militia |
| 17:05 | Research | Scale Mail Armor |
| 17:06 | Research | Scale Mail Armor |
| 17:13 | Build | Lumber Camp |
| 17:14 | Queue | Villager (Male) |
| 17:17 | Build | Farm |
| 17:28 | Queue | Archer |
| 17:35 | Queue | Villager (Male) |
| 17:56 | Queue | Archer |
| 17:57 | Queue | Villager (Male) |
| 17:59 | Queue | Militia |
| 18:00 | Build | Farm |
| 18:01 | Build | Farm |
| 18:07 | Queue | Militia |
| 18:08 | Queue | Villager (Male) |
| 18:12 | Build | Farm |
| 18:25 | Queue | Villager (Male) |
| 18:31 | Queue | Militia |
| 18:36 | Build | House |
| 18:45 | Queue | Villager (Male) |
| 18:55 | Queue | Archer |
| 18:56 | Queue | Villager (Male) |
| 19:00 | Build | House |
| 19:03 | Build | Market |
| 19:13 | Queue | Militia |
| 19:14 | Queue | Villager (Male) |
| 19:32 | Queue | Villager (Male) |
| 19:33 | Queue | Archer |
| 19:39 | Build | House |
| 19:43 | Queue | Archer |
| 19:43 | Queue | Villager (Male) |
| 19:45 | Queue | Militia |
| 20:05 | Queue | Villager (Male) |
| 20:22 | Queue | Villager (Male) |
| 20:49 | Queue | Archer |
| 20:51 | Queue | Villager (Male) |
| 20:58 | Queue | Villager (Male) |
| 21:27 | Queue | Villager (Male) |
| 21:31 | Research | Castle Age |
| 21:48 | Build | Farm |
| 21:49 | Build | Farm |
| 21:51 | Research | Horse Collar |
| 22:19 | Queue | Skirmisher |
| 22:42 | Queue | Skirmisher |
| 22:45 | Build | Archery Range |
| 23:02 | Research | Padded Archer Armor |
| 23:05 | Queue | Villager (Male) |
| 23:09 | Build | Archery Range |
| 23:12 | Build | Archery Range |
Match timeline
| 4:19 | HR Sobek · wall_segment Palisade Wall x1 |
| 4:34 | Macluffy · first_building Barracks |
| 4:48 | HR Sobek · wall_segment Palisade Wall x1 |
| 6:16 | HR Sobek · first_building Barracks |
| 6:33 | Macluffy · wall_segment Palisade Wall x11 |
| 7:20 | Macluffy · wall_segment Palisade Wall x7 |
| 7:22 | Macluffy · wall_segment Palisade Wall x6 |
| 9:17 | HR Sobek · age_up feudal |
| 10:53 | Macluffy · wall_segment Palisade Wall x27 |
| 11:14 | Macluffy · age_up feudal |
| 11:19 | Macluffy · wall_segment Palisade Wall x1 |
| 11:24 | Macluffy · first_building Archery Range |
| 11:37 | HR Sobek · first_building Archery Range |
| 11:57 | Macluffy · wall_segment Palisade Wall x1 |
| 13:59 | HR Sobek · wall_segment Palisade Wall x1 |
| 14:00 | HR Sobek · wall_segment Palisade Wall x1 |
| 14:01 | HR Sobek · wall_segment Palisade Wall x1 |
| 16:17 | HR Sobek · wall_segment Palisade Wall x3 |
| 16:19 | HR Sobek · wall_segment Palisade Wall x3 |
| 17:43 | HR Sobek · wall_segment Palisade Wall x6 |
| 18:38 | HR Sobek · wall_segment Palisade Wall x1 |
| 20:08 | HR Sobek · age_up castle |
| 20:16 | HR Sobek · wall_segment Palisade Wall x1 |
| 20:18 | HR Sobek · wall_segment Palisade Wall x1 |
| 20:20 | HR Sobek · wall_segment Palisade Wall x1 |
| 21:00 | Macluffy · first_market_sell 100 wood |
| 21:01 | Macluffy · first_market_buy 100 food |
| 21:24 | HR Sobek · wall_segment Palisade Wall x1 |
| 23:20 | Macluffy · resign |
[ AI ANALYSIS · 1 CREDIT ]
What really happened in this match?
Wolo.gg analyzes every decision: build order, eco, micro, common mistakes by bracket. Personalized analysis on WhatsApp or Discord in 30 seconds.
Civ guide
Wei
Perfil
Sobek